 Dungeon Crawl Stone Soup version 0.16-a0-3483-g6616b5b (webtiles) character file.

175 NewYearsCrawler the Ruffian (level 5, -9/45 HPs)
             Began as a Ghoul Monk on Jan 4, 2015.
             Mangled by NewYearsCrawler's ghost (16 damage)
             ... on level 3 of the Dungeon.
             The game lasted 00:02:09 (1559 turns).

NewYearsCrawler the Ruffian (Ghoul Monk)            Turns: 1559, Time: 00:02:09

Health: -9/45      AC:  2    Str: 16    XL:     5   Next: 55%
Magic:  4/4        EV: 12    Int:  5    God:
Gold:   124        SH:  0    Dex: 11    Spells: 0 memorised, 4 levels left

rFire  . . .     SeeInvis .       - Unarmed
rCold  + . .     Clarity  .     a - +0 robe
rNeg   + + +     SustAb   .     (no shield)
rPois  ∞         Gourm    .     (no helmet)
rElec  .         Spirit   .     (no cloak)
rCorr  .         Warding  .     (no gloves)
rMut   .         Stasis   .     (no boots)
MR     .....                    (no amulet)
Stlth  +.........               (no ring)
                                r - ring of loudness (curse)

@: rotting, not resistant to hostile enchantments, very unstealthy
A: rotting body, claws 1, carnivore 3, cold resistance 1, negative energy
resistance 3, poison resistance, slow healing 1, torment resistance, unbreathing
a: no special abilities


You were on level 3 of the Dungeon.
You were not hungry.

You visited 1 branch of the dungeon, and saw 3 of its levels.

You collected 124 gold pieces.

Inventory:

Missiles
 g - 3 tomahawks (quivered)
Armour
 a - a +0 robe (worn)
Jewellery
 r - a cursed ring of loudness (left claw)
Scrolls
 d - a scroll of random uselessness {unknown}
 e - a scroll of remove curse {unknown}
 h - a scroll of blinking {unknown}
 j - a scroll of recharging {unknown}
 l - a scroll of enchant armour {unknown}
 m - a scroll of identify {unknown}
 o - a scroll of fear {unknown}
 p - a scroll of amnesia {unknown}
 q - a scroll of magic mapping {unknown}
Potions
 b - a potion of invisibility {unknown}
 c - a potion of lignification
 f - 2 potions of agility {unknown}
 i - 2 potions of restore abilities {unknown}
 k - a potion of haste {unknown}
Comestibles
 n - a meat ration
 s - a beef jerky


   Skills:
 - Level 3.2 Fighting
 - Level 2.6 Dodging
 - Level 2.1 Stealth
 * Level 7.3 Unarmed Combat


You had 4 spell levels left.
You didn't know any spells.

Dungeon Overview and Level Annotations

Branches:
Dungeon (3/15)

Altars:

Annotations:
D:3 NewYearsCrawler's ghost, weakling FoFi


Innate Abilities, Weirdness & Mutations

Your body is rotting away.
You thrive on raw meat.
You have sharp fingernails.
You are carnivorous and can eat meat at any time.
Your flesh is cold resistant.
You are immune to negative energy.
Your system is resistant to poisons.
You heal slowly when monsters are visible.
You are immune to unholy pain and torment.
You can survive without breathing.


Message History

NewYearsCrawler's ghost barely misses you.
You claw NewYearsCrawler's ghost!
NewYearsCrawler's ghost is moderately damaged.
NewYearsCrawler's ghost hits you!
You scratch NewYearsCrawler's ghost but do no damage.
NewYearsCrawler's ghost is moderately damaged.
You scratch NewYearsCrawler's ghost.
NewYearsCrawler's ghost is heavily damaged.
NewYearsCrawler's ghost hits you!
You scratch NewYearsCrawler's ghost.
NewYearsCrawler's ghost is heavily damaged.
NewYearsCrawler's ghost hits you!
* * * LOW HITPOINT WARNING * * *
You are too injured to fight recklessly!
NewYearsCrawler's ghost whispers, "The ORB doesn't exist."
Unknown command.
Drink which item? (? for menu, Esc to quit)
It was a potion of lignification.
You feel woody for a moment. NewYearsCrawler's ghost hits you!
You die...

###### #####...
#....# #...#...
###....####...#...
#.'....'..#...#...
#.#....##.........
#.#######.........
#.# #......... #.#
#......... #@#
#.####.... #W# #.#
#.... #.# #.#
#.... #.# #..
....# #.# . .....
#.# #.# #.# #.#


You could see NewYearsCrawler's ghost.

Vanquished Creatures
  Sigmund (D:3)
  An orc priest (D:3)
  3 adders
  A worm (D:2)
  4 orcs (D:3)
  A ball python (D:3)
  3 bats (D:1)
  3 goblins
  3 hobgoblins (D:1)
  4 jackals (D:2)
  4 giant newts
  6 kobolds
  5 rats
39 creatures vanquished.

Notes
Turn   | Place    | Note
--------------------------------------------------------------
     0 | D:1      | NewYearsCrawler, the Ghoul Monk, began the quest for the Orb.
     0 | D:1      | Reached XP level 1. HP: 19/19 MP: 1/1
   122 | D:1      | You fall through a shaft!
   151 | D:2      | Reached XP level 2. HP: 23/26 MP: 2/2
   213 | D:2      | Reached skill level 5 in Unarmed Combat
   363 | D:2      | Reached XP level 3. HP: 31/31 MP: 3/3
  1280 | D:3      | Noticed Sigmund
  1285 | D:3      | Reached skill level 6 in Unarmed Combat
  1285 | D:3      | Reached XP level 4. HP: 33/37 MP: 3/3
  1292 | D:3      | Killed Sigmund
  1292 | D:3      | Reached XP level 5. HP: 34/44 MP: 4/4
  1352 | D:3      | Reached skill level 7 in Unarmed Combat
  1545 | D:3      | Noticed NewYearsCrawler's ghost (weakling FoFi)
  1559 | D:3      | Mangled by NewYearsCrawler's ghost

Action                   |  1- 3 |  4- 6 || total
-------------------------+-------+-------++-------
Melee: Unarmed           |    61 |    42 ||   103
  Use: Potion            |       |     1 ||     1
 Stab: Sleeping          |     2 |       ||     2
  Eat: Chunk             |     8 |     5 ||    13
